Map: Blackpink LE

Players

aLive

  • Race: Terran Terran
  • Spawn Location: 1:00

Stats - Winner!

  • Race: Protoss Protoss
  • League: Master
  • Spawn Location: 7:00

Event: HomeStory Cup XVI

VOD

Have the link to the VOD?

Description

Time

  • Played on: Nov. 12, 2017, 9:36 a.m.
  • Length: 13:09

All games in this series

Show
View Real Time Build Order
Export as new Build Order

aLive Terran 

Build Orders: Gas First Reaper Expand, Reaper Expand, MMM Bio 

Get SALT Encoding   

  12  0:00  SCV  
  13  0:13  SCV  
  14  0:17  Supply Depot  
  14  0:25  SCV  
  15  0:29  Refinery  
  15  0:38  SCV  
  16  0:44  Barracks  
  16  0:50  SCV  
  17  1:02  SCV  
  18  1:14  SCV  
  19  1:31  Reaper, Orbital Command  
  20  1:45  Command Center  
  20  1:55  Factory  
  20  1:59  SCV  
  21  2:06  Refinery, Barracks Reactor  
  21  2:11  SCV  
  22  2:17  Supply Depot  
  22  2:23  SCV  
  23  2:38  SCV  
  24  2:44  Marine x2  
  24  2:45  Starport, Factory Tech Lab  
  24  2:50  SCV  
  26  3:02  SCV  
  26  3:03  Orbital Command  
  26  3:05  Marine x2  
  29  3:14  SCV  
  29  3:15  Widow Mine  
  32  3:23  Marine  
  32  3:24  Marine  
  32  3:27  SCV  
  35  3:28  Raven  
  35  3:30  SCV  
  38  3:34  Barracks  
  38  3:41  SCV  
  39  3:42  SCV  
  39  3:44  Marine x2  
  39  3:47  Factory Tech Lab  
  42  3:51  Supply Depot  
  42  3:53  SCV  
  42  3:54  SCV  
  44  3:59  Barracks  
  44  4:05  SCV  
  44  4:06  SCV  
  46  4:12  Supply Depot, Marine x2  
  48  4:17  Siege Tank  
  48  4:19  Liberator  
  48  4:21  SCV x2  
  52  4:32  Stimpack, Marine  
  52  4:37  Supply Depot  
  52  4:38  SCV  
  57  4:39  SCV  
  57  4:41  Refinery  
  57  4:45  Engineering Bay  
  58  4:50  SCV  
  58  4:51  SCV  
  60  4:55  Marine x2  
  60  4:56  Factory Reactor  
  60  4:59  Marine  
  63  5:00  Supply Depot  
  63  5:02  SCV  
  63  5:03  SCV  
  63  5:06  Combat Shields  
  65  5:07  Marine  
  65  5:11  Refinery  
  65  5:14  Missile Turret, SCV  
  66  5:15  SCV  
  66  5:18  Missile Turret  
  68  5:26  Supply Depot, Terran Infantry Weapons Level 1  
  68  5:27  SCV x2  
  68  5:37  Marine x4  
  68  5:39  SCV x2  
  68  5:41  Medivac x2  
  78  5:55  Marine  
  78  5:56  Widow Mine, Marauder x2, Marine  
  76  6:10  Command Center  
  71  6:12  Liberator x2  
  71  6:17  Marine x2  
  73  6:22  Marauder x2  
  73  6:23  Barracks  
  73  6:25  Barracks  
  83  6:33  Supply Depot  
  83  6:35  SCV  
  83  6:36  SCV  
  83  6:38  Marine  
  86  6:45  Supply Depot  
  86  6:54  Marine  
  86  6:55  Supply Depot, Marauder x2  
  86  6:56  Concussive Shells  
  92  7:01  SCV x2  
  92  7:03  Supply Depot  
  92  7:07  Supply Depot, Liberator x2  
  93  7:09  Marine  
  93  7:11  Supply Depot  
  93  7:12  Barracks Reactor, Marine  
  93  7:13  Barracks Tech Lab  
  95  7:16  Marauder x2  
  103  7:30  Orbital Command  
  103  7:36  Marine x2  
  105  7:37  Marauder  
  105  7:38  Marauder x2  
  105  7:41  Supply Depot x2  
  105  7:42  Terran Infantry Armor Level 1  
  111  7:54  Marine x2  
  112  8:02  Starport  
  112  8:07  Medivac x2  
  112  8:08  Marine x2  
  112  8:11  SCV  
  112  8:12  SCV  
  120  8:14  Marine x2  
  120  8:15  Orbital Command  
  122  8:21  Armory  
  122  8:22  Engineering Bay  
  122  8:28  Marine x2  
  122  8:31  Refinery  
  122  8:32  Refinery  
  124  8:34  Marine x2  
  124  8:36  SCV x2  
  124  8:38  Missile Turret  
  124  8:39  Starport Reactor  
  124  8:40  SCV  
  129  8:51  Barracks x2  
  129  8:58  Marine x4  
  133  9:05  Liberator x2  
  130  9:21  Marine x4  
  130  9:22  Marauder x3  
  145  9:28  SCV x3  
  145  9:30  Liberator x2  
  137  9:31  Terran Infantry Weapons Level 2  
  137  9:39  Terran Infantry Armor Level 2, Barracks Reactor, Barracks Tech Lab  
  137  9:41  Terran Ship Weapons Level 1  
  141  9:55  Missile Turret  
  141  9:58  Missile Turret  
  141  9:59  Ghost Academy  
  140  10:02  Marine x4  
  140  10:03  Marauder, Liberator  
  140  10:04  Liberator  
  143  10:17  Marine x2  
  157  10:24  Supply Depot  
  157  10:25  Supply Depot  
  157  10:30  Ghost x3  
  157  10:35  Marine x3  
  157  10:36  Marine x2  
  149  10:51  SCV  
  149  10:52  SCV, Marine  
  150  11:00  Marine x5  
  150  11:02  Marauder x4  
  163  11:10  Marine  
  160  11:12  Viking  
  160  11:13  Viking  
  160  11:14  Viking  
  166  11:18  Viking  
  168  11:28  Supply Depot  
  168  11:30  Marine  
  168  11:31  Marine x5  
  174  11:37  Marauder x2  
  174  11:38  Marauder  
  179  11:47  Viking  
  179  11:49  Viking x2  
  158  12:26  Marine x2  
  158  12:27  Marauder, Marine x5  
  158  12:28  Marauder x2  
  74  12:44  Marine x6  
Show
View Real Time Build Order
Export as new Build Order

Stats Protoss - Winner!

Build Orders: 1 Gate Expand, Double Forge, Blink Stalkers, Dark Templar Rush 

Get SALT Encoding   

  12  0:02  Probe (Chrono Boost)  
  14  0:14  Probe (Chrono Boost)  
  14  0:17  Pylon  
  14  0:26  Probe (Chrono Boost)  
  15  0:32  Probe (Chrono Boost)  
  15  0:37  Gateway  
  15  0:41  Probe (Chrono Boost)  
  17  0:46  Assimilator  
  17  0:53  Probe (Chrono Boost)  
  18  1:01  Probe (Chrono Boost)  
  19  1:07  Probe (Chrono Boost)  
  20  1:25  Nexus  
  20  1:33  Cybernetics Core  
  20  1:38  Probe (Chrono Boost)  
  21  1:45  Assimilator  
  21  1:50  Probe (Chrono Boost)  
  22  1:54  Pylon  
  23  2:02  Stalker, Probe (Chrono Boost)  
  23  2:10  Warp Gate  
  23  2:14  Probe (Chrono Boost)  
  26  2:27  Probe (Chrono Boost)  
  27  2:30  Twilight Council  
  27  2:33  Stalker  
  29  2:39  Probe x2 (Chrono Boost)  
  31  2:46  Probe (Chrono Boost)  
  31  2:51  Probe (Chrono Boost)  
  33  2:53  Probe (Chrono Boost)  
  34  3:03  Probe (Chrono Boost)  
  35  3:07  Dark Shrine  
  35  3:09  Gateway, Probe (Chrono Boost)  
  36  3:15  Probe x2 (Chrono Boost)  
  38  3:24  Blink, Probe (Chrono Boost)  
  40  3:27  Shield Battery, Probe (Chrono Boost)  
  41  3:36  Probe (Chrono Boost)  
  41  3:37  Pylon  
  41  3:39  Probe (Chrono Boost)  
  42  3:47  Assimilator  
  42  3:48  Assimilator, Probe (Chrono Boost)  
  42  3:51  Probe (Chrono Boost)  
  43  4:00  Probe (Chrono Boost)  
  45  4:03  Probe (Chrono Boost)  
  45  4:11  Forge  
  45  4:12  Probe (Chrono Boost)  
  45  4:14  Forge  
  45  4:15  Probe (Chrono Boost)  
  46  4:25  Pylon  
  46  4:26  Pylon  
  46  4:31  Pylon  
  46  4:32  Robotics Facility  
  46  4:44  Stalker x2  
  46  4:45  Probe x2 (Chrono Boost)  
  52  4:50  Shield Battery  
  52  4:56  Gateway  
  52  5:01  Pylon  
  52  5:02  Probe x2 (Chrono Boost)  
  53  5:15  Stalker x2  
  53  5:17  Observer  
  53  5:18  Protoss Ground Armor Level 1  
  53  5:20  Resonating Glaives  
  57  5:27  Protoss Ground Weapons Level 1  
  58  5:32  Nexus  
  58  5:34  Pylon  
  59  5:45  Stalker  
  59  5:46  Stalker  
  56  6:10  Stalker x2  
  61  6:12  Probe x2 (Chrono Boost)  
  61  6:15  Pylon  
  61  6:17  Observer  
  61  6:19  Sentry  
  61  6:24  Probe x2 (Chrono Boost)  
  65  6:26  Gateway  
  65  6:27  Gateway  
  65  6:28  Gateway  
  65  6:30  Observer  
  65  6:36  Probe (Chrono Boost)  
  65  6:37  Probe (Chrono Boost)  
  68  6:46  Sentry x2  
  73  6:47  Adept, Probe (Chrono Boost)  
  73  6:48  Immortal  
  73  6:51  Probe x2 (Chrono Boost)  
  78  6:59  Probe (Chrono Boost)  
  80  7:04  Probe x2 (Chrono Boost)  
  82  7:11  Probe (Chrono Boost)  
  82  7:12  Adept x3  
  91  7:16  Probe x2 (Chrono Boost)  
  90  7:23  Probe (Chrono Boost)  
  89  7:30  Stalker x3  
  89  7:32  Shield Battery x2  
  89  7:35  Adept x2, Pylon  
  89  7:36  Adept  
  101  7:41  Protoss Ground Weapons Level 2, Protoss Ground Armor Level 2  
  101  7:46  Pylon x2  
  101  7:47  Observer  
  102  8:04  Adept x5, Probe (Chrono Boost)  
  102  8:05  Probe x2 (Chrono Boost)  
  115  8:06  Observer  
  115  8:07  Adept  
  118  8:26  Stalker x2  
  121  8:29  Pylon  
  121  8:30  Pylon  
  121  8:31  Immortal  
  121  8:32  Assimilator  
  121  8:34  Assimilator  
  125  8:36  Robotics Bay  
  125  8:40  Pylon  
  125  8:51  Adept x6  
  137  9:12  Stalker x2  
  137  9:13  Stalker x4  
  145  9:28  Colossus  
  145  9:31  Protoss Ground Armor Level 3  
  145  9:32  Extended Thermal Lance  
  145  9:35  Pylon  
  145  9:36  Pylon  
  145  9:38  Protoss Ground Weapons Level 3, Pylon  
  145  9:40  Pylon  
  149  9:47  Pylon  
  149  9:54  Adept x3  
  149  9:55  Adept x3  
  161  10:05  Colossus  
  159  10:24  Stalker x5  
  175  10:31  Stargate  
  173  10:51  Adept  
  173  10:55  Colossus  
  169  10:57  Nexus  
  169  11:00  Pylon  
  175  11:10  Gateway  
  173  11:12  Gateway  
  173  11:23  Charge  
  173  11:25  Adept x3  
  173  11:26  Adept x3  
  173  11:28  Pylon  
  173  11:30  Void Ray  
  187  11:52  Stalker x6  
  194  12:16  Dark Templar x3  
  198  12:28  Stalker x4  
  198  12:29  Stalker  
  150  12:42  Probe x2 (Chrono Boost)  
  150  12:43  Probe x2 (Chrono Boost)  
  154  12:49  Sentry  
  154  12:50  Sentry  
  160  12:52  Templar Archives  
  160  12:53  Adept x4  
  160  12:54  Adept  
  160  12:56  Adept  
Tags
 
Add a new tag
Caveats
  • Supply blocks, unpowered buildings, or Contaminate may cause inaccurate times.
  • Supply counts are checked every 10 seconds.